 Dungeon Crawl Stone Soup version 0.25.0-1-g7eea58d (webtiles) character file.

Game seed: 3512066482060567185

3525 ItisI the Cleaver (level 9, -1/79 HPs)
             Began as a Minotaur Gladiator on June 27, 2020.
             Was a High Priest of Uskayaw.
             Succumbed to an orc's poison
             ... on level 9 of the Dungeon.
             The game lasted 01:24:29 (7368 turns).

ItisI the Cleaver (Minotaur Gladiator)              Turns: 7368, Time: 01:24:30

Health: -1/79      AC: 12    Str: 22    XL:     9   Next: 81%
Magic:  2/2        EV: 13    Int:  6    God:    Uskayaw [*****.]
Gold:   514        SH:  0    Dex: 15    Spells: 8/8 levels left

rFire    . . .     SeeInvis .   D - +12 war axe of Entrepreneurial Spirit {antimagic, rN+ Dex+4}
rCold    . . .     Gourm    .   (no shield)
rNeg     + . .     Faith    .   H - +0 ring mail
rPois    .         Spirit   .   c - +1 hat
rElec    .         Reflect  .   g - +1 cloak
rCorr    +         Harm     .   o - +2 pair of gloves
MR       +....                  (no boots)
Stlth    +.........             (no amulet)
HPRegen  0.23/turn              u - ring of resist corrosion
MPRegen  0.08/turn              F - ring of protection from magic

@: lethally poisoned (-1 -> -29), about to teleport
A: retaliatory headbutt, horns 2
a: Stomp, Line Pass, Grand Finale, Renounce Religion


You were on level 9 of the Dungeon.
You worshipped Uskayaw.
Uskayaw was noncommittal.
You were not hungry.

You visited 1 branch of the dungeon, and saw 9 of its levels.

You collected 514 gold pieces.

Inventory:

Hand Weapons
 p - a +2 vorpal trident
 D - the +12 war axe of Entrepreneurial Spirit (weapon) {antimagic, rN+ Dex+4}
   (You found it on level 6 of the Dungeon)

   It reduces the magical energy of the wielder, and disrupts the spells and
   magical abilities of those hit.
   Natural abilities and divine invocations are not affected.
   It affects your dexterity (+4).
   It protects you from negative energy.
Missiles
 a - 23 poisoned darts
 d - 3 throwing nets
 h - 193 stones (quivered)
 E - 5 curare-tipped darts
 G - 4 boomerangs
Armour
 c - a +1 hat (worn)
 g - a +1 cloak (worn)
 o - a +2 pair of gloves (worn)
 H - a +0 ring mail (worn)
Jewellery
 u - a ring of resist corrosion (left hand)
 F - a ring of protection from magic (right hand)
 I - an uncursed ring of fire
Wands
 s - a wand of disintegration (6)
 y - a wand of random effects (15)
Scrolls
 v - 5 scrolls of teleportation
 x - 3 scrolls of amnesia
 B - 4 scrolls of remove curse
Potions
 e - a potion of flight
 i - 2 potions of brilliance
 j - 2 potions of magic
 k - a potion of lignification
 l - a potion of resistance
 m - a potion of berserk rage
 n - 2 potions of curing
 q - 2 potions of ambrosia
 r - 4 potions of invisibility
 t - a potion of heal wounds {unknown}
 w - a potion of might {unknown}
 z - a potion of haste {unknown}
 A - a potion of cancellation {unknown}
 C - a potion of stabbing
Comestibles
 f - 11 rations


   Skills:
 * Level 7.0 Fighting
 * Level 9.3(10.1) Axes
 - Level 6.3(8.7) Polearms
 + Level 5.1 Throwing
 + Level 4.9 Armour
 + Level 4.6 Dodging
 * Level 6.5 Unarmed Combat


You had 8 spell levels left.
You didn't know any spells.
Your spell library was empty.

Dungeon Overview and Level Annotations

Branches:
Dungeon (9/15)             Temple (0/1) D:5             Orc (0/2) D:9
   Lair: D:8-11

Altars:
Okawaru
Qazlal
Uskayaw
Yredelemnul

Shops:
D:9 :}


Innate Abilities, Weirdness & Mutations

You reflexively headbutt those who attack you in melee.
You have a pair of horns on your head.


Message History

The warg barely misses you.
You closely miss the warg. Your headbutt misses the warg.
The warg is heavily wounded.
You feel sick.
The orc throws a poisoned dart.
The poisoned dart hits you!
You are more poisoned.
The warg bites you!
You hit the warg.
The warg is heavily wounded.
You feel sick. The warg bites you!
* * * LOW HITPOINT WARNING * * *
The orc throws a poisoned dart.
The poisoned dart closely misses you.
As you read the scroll of teleportation, it crumbles to dust.
You feel strangely unstable.
* * * LOW HITPOINT WARNING * * *
You feel sick. The warg bites you but does no damage.
The orc throws a poisoned dart.
The poisoned dart hits you!
You are more poisoned.
The warg bites you!
* * * LOW HITPOINT WARNING * * *
You die...

...##...# #.######## .......#
#.......#
.##.8....###.######.#
.'......>#.#######.# 8.#
#.8.).(##...##....# ...#
..o..#..#.##.#<.## #..
#h)(##......#..[#
#'##########(##.#.#.#####.#
##........##@.#..#.#...#...#
###...####......#....###.#.###
##....##!.##....##....# #...#
#......)........#.....# ##.##
#.)...##..##...##...### #.#
##.##...####...##....# #.#
#..###.......####.#.## #.#
#.########### #.#.#.# #.#
......#.# #.#.#.## #.#


There were no monsters in sight!

Vanquished Creatures
  The ghost of auberdahn the Skirmisher, a novice OgWz (D:6)
  Prince Ribbit (D:8)
  A hippogriff (D:9)
  A hornet (D:9)
  2 hungry ghosts (D:7)
  A warg (D:9)
  An orc warrior (D:8)
  An ice beast (D:8)
  2 phantoms
  2 sky beasts
  2 ogres
  A centaur (D:8)
  A big kobold (D:7)
  2 bullfrogs
  A scorpion (D:7)
  4 wights (D:6)
  A howler monkey (D:7)
  A crimson imp (D:6)
  3 orc priests
  6 hounds
  A jelly (D:8)
  7 orc wizards
  An iguana (D:7)
  2 centaur skeletons
  A worker ant (D:7)
  A hound zombie (D:4)
  A hound skeleton (D:6)
  A worker ant zombie (D:6)
  Robin (D:4)
  10 gnolls
  3 adders
  3 shadow imps
  An adder zombie (D:6)
  An adder skeleton (D:6)
  A worm (D:3)
  2 dart slugs
  5 leopard geckos
  28 orcs
  6 giant cockroaches
  13 goblins
  6 hobgoblins
  4 jackals (D:6)
  4 quokkas
  A ball python (D:3)
  6 bats
  6 frilled lizards
  5 kobolds
  6 rats
  A spectral orc (D:8)
163 creatures vanquished.

Notes
Turn   | Place    | Note
-------+----------+-------------------------------------------
     0 | D:1      | ItisI the Minotaur Gladiator began the quest for the Orb.
     0 | D:1      | Reached XP level 1. HP: 18/18 MP: 0/0
   144 | D:1      | Reached XP level 2. HP: 25/25 MP: 1/1
   841 | D:2      | Found a hide-covered altar of Uskayaw.
   850 | D:2      | Became a worshipper of Uskayaw the Reveler
  1140 | D:2      | Reached XP level 3. HP: 30/30 MP: 2/2
  1140 | D:2      | Reached * piety under Uskayaw
  1372 | D:3      | Reached skill level 1 in Unarmed Combat
  1372 | D:3      | Reached ** piety under Uskayaw
  1400 | D:3      | Reached *** piety under Uskayaw
  1410 | D:3      | Reached **** piety under Uskayaw
  1411 | D:3      | Reached XP level 4. HP: 33/37 MP: 3/3
  1889 | D:3      | Reached skill level 5 in Polearms
  1889 | D:3      | Reached skill level 1 in Armour
  2233 | D:4      | Reached XP level 5. HP: 34/45 MP: 4/4
  2384 | D:4      | Noticed an ogre
  2393 | D:4      | Killed an ogre
  2735 | D:4      | Reached XP level 6. HP: 51/51 MP: 5/5
  2803 | D:4      | Noticed Robin
  2834 | D:4      | Killed Robin
  3259 | D:4      | Found a stormy altar of Qazlal.
  3319 | D:5      | Entered Level 5 of the Dungeon
  3334 | D:5      | Found a staircase to the Ecumenical Temple.
  3684 | D:5      | Found an iron altar of Okawaru.
  4139 | D:6      | Got a translucent war axe
  4142 | D:6      | Identified the +12 war axe of Entrepreneurial Spirit
                  | {antimagic, rN+ Dex+4} (You found it on level 6 of the
                  | Dungeon)
  4257 | D:6      | Reached skill level 1 in Axes
  4259 | D:6      | Reached XP level 7. HP: 59/59 MP: 2/6
  4361 | D:6      | Reached skill level 2 in Axes
  4474 | D:6      | Found a runed translucent door.
  4474 | D:6      | Noticed auberdahn's ghost (novice OgWz)
  4488 | D:6      | Killed auberdahn's ghost
  4488 | D:6      | Reached skill level 5 in Fighting
  4488 | D:6      | Reached skill level 4 in Axes
  4488 | D:6      | Reached XP level 8. HP: 67/68 MP: 2/7
  4533 | D:6      | Reached skill level 5 in Axes
  4624 | D:6      | You fall into a shaft and drop 3 floors!
  4626 | D:9      | Found Arphuumi's Book Shoppe.
  4634 | D:9      | Found Jumicwy's Gadget Emporium.
  4634 | D:9      | Noticed a hippogriff
  4639 | D:9      | Killed a hippogriff
  4639 | D:9      | Reached skill level 6 in Axes
  4862 | D:8      | Noticed Prince Ribbit
  4883 | D:8      | Killed Prince Ribbit
  4883 | D:8      | Reached skill level 7 in Axes
  5314 | D:7      | Reached XP level 9. HP: 70/75 MP: 8/8
  5362 | D:7      | Reached skill level 5 in Unarmed Combat
  5537 | D:7      | Reached skill level 8 in Axes
  6576 | D:8      | Found a basalt altar of Yredelemnul.
  6893 | D:9      | Paralysed by a hornet for 3 turns
  7347 | D:9      | Found a staircase to the Orcish Mines.
  7352 | D:9      | Reached skill level 9 in Axes
  7362 | D:9      | Reached skill level 5 in Throwing
  7362 | D:9      | Reached ***** piety under Uskayaw
  7367 | D:9      | HP: 1/79 [warg (14)]
  7368 | D:9      | Succumbed to an orc's poison

Illustrated notes

Levels and vault maps discovered:
D:1:      dpeg_arrival_pits, layout_basic
D:2:      layout_loops_cross, lemuel_crystal_altar
D:3:      lemuel_upstairs_altar, layout_basic
D:4:      layout_cave_pools, kennysheep_mini, first_ration, uniq_robin
D:5:      layout_basic, minmay_temple_entry_overgrown, okawaru_altar_gauntlet_db
D:6:      layout_cave_pools, ebering_ghost_reflecting_pool
D:7:      layout_rooms
D:8:      layout_cave_pools, yredelemnul_forgotten_temple_becter,
          uniq_prince_ribbit1
D:9:      layout_loops_ring, makhleb_heckhound_becter, lemuel_blue_sif_altar,
          david_orc_1_choice, serial_shops, kennysheep_mini_moat,
          nicolae_shop_crystal, shop, nicolae_shop_statue_plus, shop

Skill      XL: |  1  2  3  4  5  6  7  8  9 |
---------------+----------------------------+-----
Polearms       | 4 5 6 |  6.3
Unarmed Combat | 1 2 3 4 6 |  6.5
Fighting       | 3 4 5 6 7 |  7.0
Armour         | 1 2 3 4 |  4.9
Throwing       | 3 4 5 |  5.1
Dodging        | 4 |  4.6
Axes           | 1 4 7 9 |  9.3

Action                   |  1- 3 |  4- 6 |  7- 9 || total
-------------------------+-------+-------+-------++-------
Melee: Trident           |     9 |       |    25 ||    34
       Spear             |    62 |   137 |       ||   199
       Headbutt          |     9 |    25 |    27 ||    61
       Punch             |     1 |     1 |     1 ||     3
       War axe           |       |    14 |   111 ||   125
       Unarmed           |       |       |    66 ||    66
Throw: Stone             |    46 |    54 |   174 ||   274
  Use: Scroll            |     5 |     7 |     8 ||    20
       Potion            |       |       |     3 ||     3
 Stab: Sleeping          |     1 |     1 |       ||     2
       Paralysed         |     1 |     6 |     9 ||    16
  Eat: Chunk             |     1 |     9 |    12 ||    22
       Ration            |       |       |     3 ||     3
Armor: Leather armour    |     5 |    34 |       ||    39
       Ring mail         |       |       |    74 ||    74
Dodge: Dodged            |    27 |    75 |    87 ||   189
